 Dungeon Crawl Stone Soup version 0.28.0-53-g5a82cb258f (webtiles) character file.

Game seed: 456457938586737504

932 bnorton916 the Magician (level 7, -6/36 HPs)
             Began as a Deep Elf Fire Elementalist on June 18, 2022.
             Killed from afar by an electric eel (16 damage)
             ... with a bolt of electricity
             ... on level 5 of the Dungeon.
             The game lasted 00:07:38 (9503 turns).

bnorton916 the Magician (DEFE)                      Turns: 9503, Time: 00:07:39

Health: -6/36      AC:  3    Str:  5    XL:     7   Next: 86%
Magic:  17/19      EV: 16    Int: 28    God:
Gold:   115        SH:  0    Dex: 15    Spells: 9/19 levels left

rFire   . . .      SeeInvis .   (no weapon)
rCold   . . .      Faith    .   (no shield)
rNeg    . . .      Spirit   .   a - +0 robe
rPois   .          Reflect  .   (no helmet)
rElec   .          Harm     .   m - +0 cloak
rCorr   .          Rampage  .   (no gloves)
Will    .....                   (no boots)
Stlth   ++........              (no amulet)
HPRegen 0.12/turn               j - +4 ring of evasion
MPRegen 0.16/turn               s - +6 ring of intelligence

@: no status effects
A: no striking features
a: no special abilities


You were on level 5 of the Dungeon.
You visited 1 branch of the dungeon, and saw 5 of its levels.

You collected 115 gold pieces.

Inventory:

Missiles
 b - 251 stones
 i - 7 poisoned darts
 u - 2 boomerangs
Armour
 a - a +0 robe (worn)
 m - a +0 cloak (worn)
 n - the +0 buckler "Sailaf" {Rampage rElec rPois rF- rCorr}
   (You found it on level 2 of the Dungeon)

   rF:        It makes you vulnerable to fire.
   rElec:     It insulates you from electricity.
   rPois:     It protects you from poison.
   rCorr:     It protects you from acid and corrosion.
   Rampage:   It bestows one free step when moving towards enemies.
Jewellery
 j - a +4 ring of evasion (left hand)
 s - a +6 ring of intelligence (right hand)
 t - a +6 ring of dexterity
Scrolls
 c - a scroll of magic mapping
 f - a scroll of blinking {unknown}
 g - 2 scrolls of immolation
 l - 2 scrolls of amnesia
 o - a scroll of teleportation {unknown}
 q - a scroll of vulnerability {unknown}
 v - a scroll of enchant armour {unknown}
Potions
 d - a potion of attraction {unknown}
 e - a potion of might {unknown}
 h - a potion of heal wounds {unknown}
 k - a potion of curing
 p - a potion of degeneration {unknown}
 r - a potion of brilliance {unknown}


   Skills:
 - Level 2.4 Dodging
 - Level 2.4 Stealth
 + Level 6.8 Spellcasting
 + Level 5.0 Conjurations
 + Level 6.1 Fire Magic
 + Level 4.0 Ice Magic


You had 9 spell levels left.
You knew the following spells:

 Your Spells              Type           Power      Damage    Failure   Level
a - Foxfire               Conj/Fire      100%       2x1d9     1%          1
b - Scorch                Fire           86%        2d9       1%          2
c - Conjure Flame         Conj/Fire      40%        6-21      1%          3
d - Flame Wave            Conj/Fire      40%        2d9       5%          4

Your spell library contained the following spells:

 Spells                   Type           Power      Damage    Failure   Level
 Ensorcelled Hibernation  Hex/Ice        40%        N/A       3%          2
 Frozen Ramparts          Ice            64%        1d8       3%          3
 Inner Flame              Hex/Fire       26%        N/A       4%          3
 Corpse Rot               Necr/Air       18%        N/A       9%          2
 Poisonous Vapours        Pois/Air       18%        N/A       9%          2
 Spider Form              Tmut/Pois      9%         N/A       17%         3
 Ice Form                 Ice/Tmut       20%        N/A       24%         4
 Summon Ice Beast         Ice/Summ       20%        N/A       24%         4
 Anguish                  Hex/Necr       4%         N/A       50%         4


Dungeon Overview and Level Annotations

Branches:
Dungeon (5/15)
 Temple: D:4-7

Altars:
Uskayaw

Shops:
D:1 *   D:4 *


Message History

Unknown command.
You start resting.
Your foxfire dissipates!
You start resting.
Magic restored.
You start waiting.
Done waiting.
You enter the shallow water.
Moving in this stuff is going to be slow.
i - 7 poisoned darts You see here a +0 short sword.
You open the door.
There is an open door here.
Casting: Foxfire (safe; 1% risk of failure)
Confirm with . or Enter, or press ? or * to list all spells.
You conjure some foxfire!
The electric eel shoots out a bolt of lightning at you!
The bolt of electricity hits the plant!
The plant begins to die.
The bolt of electricity hits you!
The foxfire hits the electric eel.
The electric eel is lightly wounded.
Unknown command.
Your foxfire dissipates!
Casting: Foxfire (safe; 1% risk of failure)
Confirm with . or Enter, or press ? or * to list all spells.
You can't see any susceptible monsters within range! (Use Z to cast anyway.)
Casting: Foxfire (safe; 1% risk of failure)
Confirm with . or Enter, or press ? or * to list all spells.
You conjure some foxfire!
The electric eel shoots out a bolt of lightning at you!
The bolt of electricity hits the plant!
The plant begins to die.
The bolt of electricity hits your foxfire!
The bolt of electricity hits you!
* * * LOW HITPOINT WARNING * * *
You feel a bit more experienced.
The electric eel shoots out a bolt of lightning at you!
The bolt of electricity hits the plant!
The plant begins to die.
The bolt of electricity hits the plant!
The plant begins to die.
The bolt of electricity hits your foxfire!
The bolt of electricity hits you!
You die...

..#.........# ###....##########
......##≈≈≈≈≈...################
...####≈########≈##............#
...# #.##≈S....##≈#............#
...# #.#≈≈?.P...#≈#............#
...# #.#≈?).....#≈#............#
...###≈#≈≈SPP..v#.#............#
....##≈##S..P..#@v#..##'#####'##
...##≈##########.##..+........#
...#≈##≈).≈. #≈≈#...#........#
...#≈#≈S≈≈≈. #)##...#........#
...#.#≈=≈P.. #≈#....#........#
...#.#S≈?PP. #.#....#........#
...#'##S?... ..#....#........#
......########.##....#...##...#
###..#######'###....##...##...#


You could see 2 electric eels.

Vanquished Creatures
  An ogre (D:5)
  A kobold brigand (D:5)
  A gnoll sergeant (D:4)
  3 water moccasin skeletons
  A howler monkey (D:3)
  An electric eel (D:5)
  A jelly (D:4)
  A hound (D:5)
  A gnoll shaman (D:5)
  An orc priest (D:5)
  Jessica (D:2)
  2 orc wizards (D:5)
  3 iguanas
  A hound zombie (D:5)
  10 gnolls
  4 adders
  An ufetubus (D:4)
  An adder skeleton (D:5)
  A dart slug (D:2)
  3 worms
  6 orcs
  10 endoplasms
  6 giant cockroaches
  6 goblins
  3 hobgoblins
  6 jackals
  6 quokkas
  11 ball pythons
  5 bats
  2 frilled lizards (D:1)
  2 kobolds (D:2)
  5 rats
107 creatures vanquished.

Vanquished Creatures (others)
  505 foxfires
505 creatures vanquished.

Grand Total: 612 creatures vanquished

Notes
Turn   | Place    | Note
-------+----------+-------------------------------------------
     0 | D:1      | bnorton916 the Deep Elf Fire Elementalist began the quest
                  | for the Orb.
     0 | D:1      | Reached XP level 1. HP: 10/10 MP: 6/6
     7 | D:1      | Found Uhaheupe's General Store.
   480 | D:1      | Found a faded altar of an unknown god.
   543 | D:1      | Reached XP level 2. HP: 15/15 MP: 5/8
  1185 | D:1      | Reached XP level 3. HP: 19/19 MP: 6/10
  1949 | D:2      | Noticed Jessica
  1955 | D:2      | Killed Jessica
  2110 | D:2      | Reached XP level 4. HP: 21/24 MP: 8/12
  2386 | D:2      | Found a hide-covered altar of Uskayaw.
  2692 | D:2      | Identified the +0 buckler "Sailaf" {Rampage rElec rPois rF-
                  | rCorr}
  3289 | D:3      | Learned a level 2 spell: Scorch
  3293 | D:3      | Learned a level 3 spell: Conjure Flame
  3656 | D:3      | Learned a level 4 spell: Flame Wave
  3781 | D:3      | Reached skill level 1 in Ice Magic
  3781 | D:3      | Reached XP level 5. HP: 28/28 MP: 8/14
  4351 | D:3      | Reached skill level 5 in Spellcasting
  5558 | D:4      | Reached XP level 6. HP: 25/32 MP: 5/15
  5935 | D:4      | Reached skill level 5 in Fire Magic
  7403 | D:4      | Found Tuefiwu's Lightly-Used Armoury.
  7517 | D:5      | Entered Level 5 of the Dungeon
  7531 | D:5      | Reached XP level 7. HP: 36/36 MP: 12/17
  9380 | D:5      | Reached skill level 5 in Conjurations
  9503 | D:5      | Killed from afar by an electric eel

Illustrated notes

Levels and vault maps discovered:
D:1:      lightli_arrival_maybe_door_vault, layout_basic,
          nicolae_ecumenical_snake_handling, serial_shops,
          nicolae_shop_hallway_plus, hangedman_abyss_or_decor_stabs
D:2:      layout_loops_ring, basic_altar, hangedman_decor_push, uniq_jessica
D:3:      layout_basic, minmay_diced_spiral
D:4:      layout_cave_pods, minmay_shop_damaged
D:5:      cheibrodos_two_vegetables, layout_gridville, lemuel_old_faithful

Skill      XL: |  1  2  3  4  5  6  7 |
---------------+----------------------+-----
Conjurations   | 2 3 4 5 |  5.0
Spellcasting   | 4 5 6 |  6.8
Fire Magic     | 4 5 6 |  6.1
Ice Magic      | 1 2 4 |  4.0
Dodging        | |  2.4
Stealth        | |  2.4

Action                   |  1- 3 |  4- 6 |  7- 9 || total
-------------------------+-------+-------+-------++-------
Melee: Unarmed           |       |     1 |       ||     1
 Cast: Foxfire           |   114 |   145 |    45 ||   304
       Scorch            |       |    22 |    14 ||    36
       Conjure Flame     |       |     2 |       ||     2
       Flame Wave        |       |       |     1 ||     1
  Use: Scroll            |       |       |     3 ||     3
       Potion            |       |       |     2 ||     2
Armor: Robe              |     6 |     5 |       ||    11
Dodge: Dodged            |     6 |    33 |    10 ||    49
